 Dungeon Crawl Stone Soup version 0.29-a0-923-g6e406bff71 (webtiles) character file.

Game seed: 7822311384781956462

445 concernfroge the Trooper (level 6, -6/56 HPs)
             Began as a Mummy Monk on July 27, 2022.
             Mangled by a gnoll sergeant
             ... wielding a +0 trident
              (10 damage)
             ... on level 6 of the Dungeon.
             The game lasted 00:13:42 (4604 turns).

concernfroge the Trooper (Mummy Monk)               Turns: 4604, Time: 00:13:43

Health: -6/56      AC: 12    Str: 16    XL:     6   Next: 72%
Magic:  6/6        EV:  7    Int: 10    God:
Gold:   202        SH:  0    Dex: 14    Spells: 5/5 levels left

rFire   x . .      SeeInvis .   q - +1 halberd
rCold   + . .      Faith    .   (shield currently unavailable)
rNeg    + + +      Spirit   .   r - +0 chain mail
rPois   ∞          Reflect  .   h - +2 helmet
rElec   .          Harm     .   d - +0 cloak
rCorr   .          Rampage  .   (no gloves)
Will    .....                   (no boots)
Stlth   ..........              i - amulet of the acrobat
HPRegen 0.18/turn               (no ring)
MPRegen 0.10/turn               (no ring)

@: no status effects
A: cold resistance 1, negative energy resistance 3, torment resistance 2, heat
vulnerability 1, in touch with death 1, no potions
a: no special abilities


You were on level 6 of the Dungeon.
You visited 1 branch of the dungeon, and saw 6 of its levels.

You collected 202 gold pieces.

Inventory:

Hand Weapons
 a - a +0 trident
 q - a +1 halberd (weapon)
Missiles
 m - 2 boomerangs (quivered)
 p - 2 throwing nets
Armour
 d - a +0 cloak (worn)
 h - a +2 helmet (worn)
 r - a +0 chain mail (worn)
Jewellery
 i - an amulet of the acrobat (around neck)
Wands
 l - a wand of flame (13)
Scrolls
 n - a scroll of silence
 o - a scroll of identify


   Skills:
 + Level 7.7 Fighting
 - Level 2.4 Polearms
 - Level 2.4 Dodging
 - Level 1.5 Stealth


You had 5 spell levels left.
You didn't know any spells.
Your spell library contained the following spells:

 Spells                   Type           Power      Damage    Failure   Level
 Apportation              Tloc           0%         N/A       100%        1
 Necrotise                Necr           0%         1d4       100%        1
 Summon Small Mammal      Summ           0%         N/A       100%        1
 Inner Flame              Hex/Fire       0%         N/A       100%        3
 Cause Fear               Hex            0%         N/A       100%        4
 Discord                  Hex            0%         N/A       100%        8


Dungeon Overview and Level Annotations

Branches:
Dungeon (6/15)
 Temple: D:4-7

Altars:
Hepliaklqana
Trog
Uskayaw
Wu Jian

Shops:
D:1 *

Annotations:
D:2 Robin
D:5 Menkaure
D:6 Edmund


Innate Abilities, Weirdness & Mutations

You are immune to poison.
Your flesh is cold resistant. (rC+)
You are immune to negative energy. (rN+++)
You are immune to unholy pain and torment.
You are vulnerable to heat. (rF-)
You are in touch with the powers of death.
You do not drink.


Message History

The gnoll hits you but does no damage.
A gnoll sergeant comes into view. It is wielding a +0 trident.
Edmund says, "You wouldn't believe how much I paid for this flail."
Edmund hits you but does no damage.
The gnoll sergeant shouts!
You slash Edmund!
Edmund is heavily wounded.
The gnoll is no longer moving quickly.
The gnoll hits you but does no damage.
You hit Edmund but do no damage.
Edmund is heavily wounded.
The gnoll hits you but does no damage.
The gnoll bouda gazes fiercely through you!
You feel your attacks grow feeble.
Edmund says, "A flail is better than a scythe, any day of the week!"
Edmund hits you but does no damage. The gnoll barely misses you.
A shadow imp comes into view.
You barely miss Edmund.
Edmund is heavily wounded.
The shadow imp shouts, "Scamper away, thou tottering spur-galled barnacle!"
The gnoll hits you but does no damage. Edmund barely misses you.
You hit Edmund.
Edmund is severely wounded.
The gnoll barely misses you. Edmund hits you but does no damage.
The gnoll hits you but does no damage.
You barely miss Edmund.
Edmund is severely wounded.
Edmund hits you but does no damage.
You hit Edmund but do no damage.
Edmund is severely wounded.
The gnoll sergeant hits you but does no damage.
You barely miss Edmund.
Edmund is severely wounded.
Your attacks no longer feel as feeble.
Edmund is no longer moving slowly.
The gnoll sergeant hits you from afar with a +0 trident.
* * * LOW HITPOINT WARNING * * *
Edmund hits you with a +2 flail of protection.
* * * LOW HITPOINT WARNING * * *
The gnoll sergeant hits you from afar with a +0 trident!
You die...

# ### #.#..
######### .#.#####.
#.)))..S# ........
##g####.####...##..
##@##Sg......W.....
#.@(ggW5.#..)<#...#
######g..#.#..†...#
#...#......#.#
#...######## #...+
#...# #...#


You could see Edmund (poisoned), a phantom, a gnoll sergeant, a gnoll bouda, 3
gnolls, an adder and a shadow imp.

Vanquished Creatures
  A water moccasin (D:5)
  A hound (D:6)
  A jelly (D:6)
  Natasha (D:3)
  2 orc wizards (D:4)
  4 adders
  6 gnolls
  An ufetubus (D:5)
  2 worms
  2 dart slugs
  7 orcs
  7 endoplasms
  5 giant cockroaches
  11 hobgoblins
  5 jackals
  8 kobolds
  2 quokkas (D:4)
  7 ball pythons
  4 bats
  6 frilled lizards
  11 goblins
  4 rats
98 creatures vanquished.

Vanquished Creatures (collateral kills)
  A goblin (D:2)
1 creature vanquished.

Grand Total: 99 creatures vanquished

Notes
Turn   | Place    | Note
-------+----------+-------------------------------------------
     0 | D:1      | concernfroge the Mummy Monk began the quest for the Orb.
     0 | D:1      | Reached XP level 1. HP: 18/18 MP: 1/1
   313 | D:1      | Reached XP level 2. HP: 24/24 MP: 2/2
   897 | D:1      | Found a faded altar of an unknown god.
   978 | D:1      | Found Ubbann's General Store.
  1048 | D:1      | Reached skill level 4 in Fighting
  1247 | D:2      | Gained mutation: You are in touch with the powers of death.
                  | [Mummy growth]
  1247 | D:2      | Reached XP level 3. HP: 22/31 MP: 3/3
  1342 | D:2      | Noticed Robin
  2124 | D:2      | Reached XP level 4. HP: 37/38 MP: 4/4
  2127 | D:2      | Reached skill level 5 in Fighting
  2514 | D:3      | Found a bloodstained altar of Trog.
  2963 | D:3      | Noticed Natasha
  2965 | D:3      | Killed Natasha
  3193 | D:4      | Reached XP level 5. HP: 46/46 MP: 5/5
  3430 | D:4      | Reached skill level 6 in Fighting
  3601 | D:4      | Found an ornate altar of the Wu Jian Council.
  3679 | D:4      | Found a hazy altar of Hepliaklqana.
  4032 | D:4      | Found a hide-covered altar of Uskayaw.
  4197 | D:5      | Entered Level 5 of the Dungeon
  4324 | D:5      | Noticed a black bear
  4402 | D:5      | Noticed a water moccasin
  4415 | D:5      | Killed a water moccasin
  4416 | D:5      | Reached skill level 7 in Fighting
  4416 | D:5      | Reached XP level 6. HP: 43/55 MP: 6/6
  4495 | D:5      | Noticed Menkaure
  4575 | D:6      | Noticed Edmund
  4604 | D:6      | Mangled by a gnoll sergeant

Illustrated notes

Levels and vault maps discovered:
D:1:      denvon_arrival_planthouse, layout_basic, serial_shops, shop,
          shapermc_ecumenical_altar_mp_ritualfount, minmay_misc_feat_cross,
          minmay_misc_feat_rugged
D:2:      layout_loops_corners, kennysheep_generic_room_16, uniq_robin
D:3:      layout_basic, mainiacjoe_overflow_24_doors, uniq_natasha
D:4:      layout_loops_ring, lemuel_tele_altar,
          mainiacjoe_overflow_surrounded_room,
          mainiacjoe_overflow_concentric_impassable,
          nicolae_wu_jian_wuxing_cycle, minmay_misc_feat_tiny
D:5:      layout_rooms, uniq_menkaure
D:6:      layout_basic, serial_shops, nicolae_diamond_shop,
          roderic_roman_lattice, uniq_edmund

Skill      XL: |  1  2  3  4  5 |
---------------+----------------+-----
Fighting       | 4 5 7 |  7.7
Polearms       | |  2.4
Dodging        | |  2.4
Stealth        | |  1.5

Action                   |  1- 3 |  4- 6 || total
-------------------------+-------+-------++-------
Melee: Spear             |   166 |   160 ||   326
       Punch             |       |     2 ||     2
       Halberd           |       |    77 ||    77
Throw: Dart              |       |    13 ||    13
  Use: Scroll            |     4 |    11 ||    15
 Stab: Sleeping          |     4 |     2 ||     6
       Distracted        |     1 |       ||     1
Armor: Robe              |    13 |       ||    13
       Leather armour    |     7 |       ||     7
       Ring mail         |    12 |    61 ||    73
       Chain mail        |       |    64 ||    64
Dodge: Dodged            |    78 |   114 ||   192

Table legend: (Time is in decaauts)
 A = Elapsed time spent in this place.
 B = Non-inter-level travel time spent in this place.
 C = Inter-level travel time spent in this place.
 D = Time resting spent in this place.
 E = Time spent auto-exploring this place.
 F = Levels seen in this place.
 G = Mean time per level.
                   A        B        C        D        E       F      G
               +--------+--------+--------+--------+--------+-----+--------+
         Total |   4626 |   4460 |    166 |     27 |   3532 |   6 |  771.0 |
       Dungeon |   4626 |   4460 |    166 |     27 |   3532 |   6 |  771.0 |
               +--------+--------+--------+--------+--------+-----+--------+

Top non-repeatable levels by time:
     D:2: 1287 daAuts
     D:1: 1196 daAuts
     D:4: 1071 daAuts
     D:3: 646 daAuts
     D:5: 313 daAuts
     D:6: 112 daAuts
